Map: Ruines de Seras

Players

Kuroko

  • Race: Terran Terran
  • League: Master

Faith - Winner!

  • Race: Zerg Zerg
  • League: Master

VOD

Have the link to the VOD?

Description

Time

  • Played on: Jan. 24, 2016, 4:54 a.m.
  • Length: 11:50
Show
View Real Time Build Order
Export as new Build Order

Kuroko Terran 

Build Orders: Hellion Opening, Reaper Expand, MMM Bio 

Get SALT Encoding   

  12  0:00  SCV  
  13  0:12  SCV  
  14  0:18  Supply Depot  
  14  0:25  SCV  
  15  0:39  SCV  
  15  0:42  Barracks  
  16  0:45  Refinery  
  16  0:51  SCV  
  17  1:03  SCV  
  18  1:16  SCV  
  19  1:28  Orbital Command  
  19  1:29  Reaper  
  20  1:43  Command Center  
  20  1:51  Supply Depot  
  20  1:56  SCV  
  21  2:01  Marine  
  22  2:10  SCV  
  23  2:17  Factory  
  23  2:19  Refinery  
  23  2:25  Barracks Reactor  
  23  2:28  SCV  
  24  2:45  SCV  
  25  2:54  Orbital Command  
  25  2:58  SCV  
  26  2:59  Bunker  
  26  3:04  Starport  
  26  3:10  SCV, Hellion x2  
  30  3:12  Marine  
  31  3:21  SCV, Armory  
  32  3:29  Supply Depot, SCV  
  32  3:32  Hellion  
  35  3:37  Hellion  
  35  3:40  Marine  
  38  3:44  Medivac  
  40  3:54  SCV, Hellion  
  43  3:56  SCV  
  43  3:58  Hellion  
  46  4:07  SCV  
  46  4:08  SCV  
  48  4:11  Supply Depot  
  48  4:13  Marine  
  48  4:16  Supply Depot  
  49  4:28  Medivac  
  49  4:29  SCV x2  
  53  4:44  Barracks Reactor  
  53  4:48  SCV  
  53  4:49  Command Center  
  54  5:11  SCV x2  
  54  5:13  Hellion x2, Starport Tech Lab  
  60  5:17  Barracks x2  
  60  5:23  SCV x2  
  60  5:41  Marine x2  
  60  5:42  Banshee  
  59  5:43  Hellion x2  
  59  5:45  SCV  
  59  5:46  SCV  
  62  5:51  Bunker  
  62  5:52  Supply Depot  
  62  5:56  Engineering Bay  
  62  5:57  Engineering Bay  
  62  5:58  SCV x2  
  62  5:59  Marine x2  
  62  6:01  Supply Depot  
  62  6:02  Supply Depot  
  66  6:05  Orbital Command  
  66  6:10  SCV  
  67  6:13  Barracks Tech Lab x2  
  67  6:15  SCV  
  67  6:16  Marine  
  67  6:17  Marine  
  70  6:22  SCV  
  70  6:24  Banshee  
  74  6:29  Refinery  
  74  6:30  Refinery  
  74  6:33  Marine x2  
  74  6:34  Marine x2  
  74  6:35  Terran Infantry Weapons Level 1, Terran Infantry Armor Level 1  
  78  6:40  Combat Shields, Stimpack  
  78  7:02  Marine  
  78  7:03  Marine x3  
  79  7:20  Marine  
  74  7:24  Marine x2  
  74  7:25  Marine  
  74  7:28  Missile Turret  
  74  7:29  Barracks  
  73  7:30  SCV x2, Barracks  
  73  7:31  Missile Turret  
  73  7:32  Missile Turret x2, Liberator x2  
  73  7:33  Missile Turret  
  73  7:34  Missile Turret  
  73  7:36  Missile Turret  
  75  7:38  Marine  
  75  7:42  Marine x3  
  77  7:51  Siege Tank  
  86  7:55  Orbital Command  
  86  7:56  Marine  
  86  7:57  SCV  
  86  7:58  Missile Turret  
  88  8:00  Marine x2  
  90  8:06  Marine  
  90  8:10  Terran Ship Weapons Level 1  
  91  8:14  Marine  
  91  8:19  Barracks Reactor x2  
  91  8:32  Marine  
  91  8:33  Marine x3  
  94  8:34  SCV x2  
  94  8:35  SCV  
  97  8:46  SCV  
  98  8:50  Siege Tank, Marine x2  
  98  8:51  Marine x2  
  98  8:54  Terran Infantry Weapons Level 2  
  102  8:59  Terran Infantry Armor Level 2  
  102  9:06  Medivac x2  
  102  9:08  Marine x3  
  109  9:17  Supply Depot x3  
  109  9:27  Marine  
  109  9:38  Siege Tank, Marine x7  
  109  9:39  Medivac x2  
  109  9:44  Starport, Marine  
  124  9:49  Command Center  
  124  9:50  Barracks  
  124  9:53  Barracks  
  124  9:55  Missile Turret  
  124  9:56  Marine  
  125  10:34  Marine  
  125  10:35  Marine x3  
  125  10:36  Marine  
  125  10:37  Liberator, Marine x3  
  125  10:38  Siege Tank, Liberator  
  106  10:46  Marine  
  105  10:52  Marine  
  105  10:53  Marine x3  
  105  10:54  Marine x3  
  105  10:55  Refinery x2, Marine  
  119  10:57  Starport Tech Lab  
  119  11:02  Sensor Tower  
  119  11:05  Barracks Reactor  
  119  11:06  Barracks Reactor  
  119  11:08  Missile Turret  
  119  11:10  Siege Tank, Missile Turret, Marine  
  119  11:11  Marine x3  
  123  11:12  Marine x4  
  123  11:16  Factory  
  129  11:28  Marine x2  
  129  11:29  Marine  
Show
View Real Time Build Order
Export as new Build Order

Faith Zerg - Winner!

Build Orders: Hatch First 

Get SALT Encoding   

  12  0:00  Drone  
  13  0:13  Overlord  
  13  0:18  Drone  
  14  0:31  Drone x2  
  16  0:36  Drone  
  17  0:54  Hatchery  
  16  0:57  Drone  
  16  1:01  Drone  
  18  1:15  Spawning Pool  
  18  1:17  Extractor  
  16  1:19  Drone  
  16  1:23  Drone  
  18  1:28  Drone  
  19  1:39  Overlord  
  19  1:50  Drone  
  20  2:02  Zergling x2, Queen  
  20  2:06  Zergling x2, Queen  
  26  2:11  Drone  
  27  2:16  Metabolic Boost  
  27  2:19  Drone  
  28  2:24  Drone  
  28  2:28  Drone  
  30  2:39  Extractor  
  30  2:40  Drone x2  
  31  2:45  Queen  
  31  2:48  Drone  
  35  2:52  Overlord  
  35  2:58  Drone  
  36  3:12  Hatchery  
  34  3:15  Drone x3  
  34  3:18  Drone  
  38  3:25  Drone x3  
  41  3:32  Extractor  
  41  3:33  Roach Warren  
  39  3:39  Overlord  
  39  3:41  Drone x2  
  41  3:48  Drone x3  
  43  3:53  Lair  
  44  4:02  Zergling x4  
  46  4:07  Drone x5  
  51  4:12  Extractor x2  
  51  4:15  Drone x3  
  52  4:17  Overlord  
  52  4:25  Roach x2  
  52  4:26  Roach  
  58  4:33  Overlord x2  
  58  4:37  Drone x2  
  60  4:44  Roach x2  
  60  4:45  Roach  
  63  4:55  Roach  
  63  4:56  Roach x3  
  69  5:06  Roach x3  
  75  5:19  Spire  
  66  5:39  Drone x6  
  72  5:46  Overseer  
  72  5:55  Drone x4  
  76  6:01  Overlord  
  76  6:06  Drone x2  
  76  6:07  Drone  
  79  6:13  Queen  
  81  6:19  Queen  
  83  6:30  Mutalisk x3  
  89  6:33  Overlord  
  89  6:34  Overlord x2  
  89  6:37  Extractor  
  89  6:38  Extractor  
  87  6:53  Mutalisk x6  
  95  7:02  Mutalisk  
  94  7:11  Zerg Flyer Weapons Level 1  
  86  7:24  Drone x9  
  95  7:30  Mutalisk  
  95  7:33  Drone x3  
  100  7:42  Evolution Chamber  
  100  7:43  Evolution Chamber, Drone x3  
  101  7:53  Drone x3  
  101  7:54  Drone  
  105  8:03  Roach Warren  
  104  8:08  Zerg Missile Weapons Level 1  
  104  8:09  Zerg Ground Armor Level 1  
  104  8:10  Overlord x2  
  104  8:17  Queen  
  102  8:38  Drone  
  102  8:39  Drone x10  
  110  8:43  Glial Reconstitution  
  110  8:54  Roach x7  
  124  9:01  Ravager x5  
  129  9:04  Overlord x2  
  129  9:12  Baneling Nest  
  128  9:29  Burrow, Roach  
  128  9:30  Roach x7  
  144  9:36  Overlord x3  
  144  9:37  Overlord x2  
  144  10:00  Roach x7  
  144  10:01  Roach x5  
  144  10:06  Ravager x6  
  144  10:07  Ravager x3  
  177  10:29  Overlord x2  
  177  10:30  Overlord x2  
  161  10:48  Roach x10  
  161  10:49  Roach x6  
  193  10:58  Ravager x6  
Tags
 
Add a new tag
Caveats
  • Supply blocks, unpowered buildings, or Contaminate may cause inaccurate times.
  • Supply counts are checked every 10 seconds.